 Dungeon Crawl Stone Soup version 0.29-a0-322-g68df515428 (webtiles) character file.

Game seed: 8635275093815682653

3491 dianekeaton the Bludgeoner (level 9, -2/70 HPs)
             Began as a Minotaur Fighter on Apr 9, 2022.
             Was a Believer of Okawaru.
             Slain by a yak (9 damage)
             ... on level 8 of the Dungeon.
             The game lasted 00:22:34 (9111 turns).

dianekeaton the Bludgeoner (Minotaur Fighter)       Turns: 9111, Time: 00:22:35

Health: -2/70      AC: 13    Str: 19    XL:     9   Next: 80%
Magic:  8/8        EV:  5    Int: 11    God:    Okawaru [**....]
Gold:   468        SH:  9    Dex: 12    Spells: 8/8 levels left

rFire   + . .      SeeInvis .   B - +3 mace "No More Talking" {elec, rPois rN+ Will+ Str-4}
rCold   + . .      Faith    .   c - +0 buckler
rNeg    + . .      Spirit   .   z - +0 plate armour
rPois   +          Reflect  +   (helmet restricted)
rElec   +          Harm     .   (no cloak)
rCorr   +          Rampage  .   k - +1 pair of gloves
Will    +....                   (no boots)
Stlth   ..........              f - amulet of reflection
HPRegen 0.21/turn               e - +6 ring of intelligence
MPRegen 0.11/turn               (no ring)

@: resistant
A: horns 2, retaliatory headbutt
a: Renounce Religion, Heroism


You were on level 8 of the Dungeon.
You worshipped Okawaru.
Okawaru was pleased with you.
You visited 2 branches of the dungeon, and saw 10 of its levels.
You also visited: Sewer.

You collected 468 gold pieces.

Inventory:

Hand Weapons
 a - a +1 flail
 B - the +3 mace "No More Talking" (weapon) {elec, rPois rN+ Will+ Str-4}
   (You took it off a gnoll on level 9 of the Dungeon)

   It occasionally discharges a powerful burst of electricity upon striking a
   foe.
   Str:       It affects your strength (-4).
   rPois:     It protects you from poison.
   rN:        It protects you from negative energy.
   Will:      It increases your willpower.
Missiles
 h - 5 boomerangs (quivered)
 j - 5 throwing nets
Armour
 c - a +0 buckler (worn)
 k - a +1 pair of gloves (worn)
 m - +0 steam dragon scales
 z - a +0 plate armour (worn)
Jewellery
 e - a +6 ring of intelligence (left hand)
 f - an amulet of reflection (around neck)
Wands
 d - a wand of digging (5)
 g - a wand of iceblast (7)
 p - a wand of acid (5)
 u - a wand of polymorph (9)
Scrolls
 n - a scroll of identify
 o - a scroll of vulnerability {unknown}
 q - 4 scrolls of amnesia
 w - a scroll of immolation {unknown}
 y - a scroll of enchant armour
 A - a scroll of teleportation
Potions
 i - 2 potions of berserk rage
 l - 3 potions of magic
 r - 2 potions of degeneration {unknown}
 s - a potion of heal wounds {unknown}
 t - a potion of mutation {unknown}
 v - a potion of attraction {unknown}
 x - a potion of curing {unknown}


   Skills:
 - Level 3.6 Fighting
 + Level 16.0 Maces & Flails
 - Level 2.8 Throwing
 - Level 3.6 Armour
 - Level 0.1 Dodging
 - Level 0.2 Stealth
 - Level 3.6 Shields
 + Level 0.9 Unarmed Combat


You had 8 spell levels left.
You didn't know any spells.
Your spell library contained the following spells:

 Spells                   Type           Power      Damage    Failure   Level
 Sublimation of Blood     Necr           0%         N/A       100%        2
 Anguish                  Hex/Necr       0%         N/A       100%        4
 Petrify                  Tmut/Erth      0%         N/A       100%        4
 Irradiate                Conj/Tmut      0%         3d13      100%        5
 Metabolic Englaciation   Hex/Ice        0%         N/A       100%        5
 Statue Form              Tmut/Erth      0%         N/A       100%        6
 Enfeeble                 Hex            0%         N/A       100%        7
 Summon Small Mammal      Summ           Unusable   N/A       N/A         1
 Call Canine Familiar     Summ           Unusable   N/A       N/A         3
 Summon Guardian Golem    Hex/Summ       Unusable   N/A       N/A         3
 Tukima's Dance           Hex            Unusable   N/A       N/A         3

Dungeon Overview and Level Annotations

Branches:
Dungeon (9/15)             Temple (1/1) D:5           Sewer (visited)
   Lair: D:8-11         Orc: D:9-12

Altars:
Ashenzari
Elyvilon
Fedhas
Kikubaaqudgha
Makhleb
Okawaru
Qazlal
Ru
Sif Muna
Trog
Vehumet
Wu Jian
Xom
Yredelemnul
The Shining One

Shops:
D:6 =

Annotations:
D:3 Jessica, Natasha, Pargi


Innate Abilities, Weirdness & Mutations

You have a pair of horns on your head.
You reflexively headbutt those who attack you in melee.


Message History

The yak attacks as you move away! The yak gores you but does no damage.
The yak attacks as you move away! The yak gores you but does no damage.
The yak attacks as you move away! The yak gores you.
* * * LOW HITPOINT WARNING * * *
The yak attacks as you move away! You block the yak's attack.
You feel protected. You block the yak's attack.
The yak attacks as you move away! The yak gores you but does no damage.
The yak attacks as you move away! The yak gores you but does no damage.
The centaur shoots an arrow.
The arrow hits you.
* * * LOW HITPOINT WARNING * * *
The centaur shoots an arrow.
You reflect the arrow off an invisible shield around you!
The arrow hits the yak!
The yak attacks as you move away! You block the yak's attack.
The yak gores you but does no damage. The yak gores you.
* * * LOW HITPOINT WARNING * * *
There is a stone staircase leading up, spattered with blood here.
The yak gores you but does no damage. x2
You climb upwards.
There is a stone staircase leading down here.
Unknown command.
You thump the yak! Lightning courses through the yak!!
The yak is almost dead.
You hit the yak.
You kill the yak!
Okawaru accepts your kill. The yak gores you but does no damage.
Your Maces & Flails skill increases to level 16!
The yak gores you but does no damage.
You hit the yak but do no damage.
The yak is moderately wounded.
The yak gores you but does no damage.
You sock the yak! Lightning courses through the yak!
The yak is almost dead.
You barely miss the yak.
The yak is almost dead.
The yak gores you!
You die...

#....####.#########...##..#######
#....####.#.......#...###+#......
............#.....#.......#......
).......[...#.....#.......+......
............#.....#.......#......
............#.....#.....))#......
............#.....#######'#......
####'####...#....................
........###+#..Y@................
................>..........######
...........................#
...........................# #
...........................# #
...########.......##'####### #
...# #.......#........# # ####
#.......#........# #
#..######........#


You could see a yak.

Vanquished Creatures
  2 yaks
  A steam dragon (D:8)
  3 orc warriors
  3 black bears
  3 ogres
  3 sky beasts
  3 centaurs
  A phantom (D:6)
  2 kobold brigands (D:8)
  5 bullfrogs
  3 scorpions
  4 wights (D:6)
  2 hounds
  4 orc priests
  2 jellies (D:5)
  2 gnoll shamans
  4 iguanas
  4 orc wizards
  A hell rat (Sewer)
  10 gnolls
  A river rat (D:4)
  9 adders
  A shadow imp (D:6)
  A white imp (D:6)
  2 worms
  23 orcs
  An endoplasm (D:2)
  2 giant cockroaches
  6 goblins
  5 hobgoblins
  4 jackals (D:1)
  8 quokkas
  12 ball pythons
  4 bats
  2 frilled lizards (D:1)
  20 kobolds
  9 rats
172 creatures vanquished.

Vanquished Creatures (others)
  A kobold (D:9)
  4 fungi (D:9)
  8 plants (D:9)
13 creatures vanquished.

Grand Total: 185 creatures vanquished

Notes
Turn   | Place    | Note
-------+----------+-------------------------------------------
     0 | D:1      | dianekeaton the Minotaur Fighter began the quest for the
                  | Orb.
     0 | D:1      | Reached XP level 1. HP: 19/19 MP: 0/0
   114 | D:1      | Reached skill level 3 in Maces & Flails
   234 | D:1      | Reached XP level 2. HP: 26/26 MP: 1/1
   743 | D:2      | Reached skill level 4 in Maces & Flails
   743 | D:2      | Reached XP level 3. HP: 29/31 MP: 2/2
  1007 | D:2      | Reached skill level 5 in Maces & Flails
  1232 | D:2      | Reached XP level 4. HP: 39/39 MP: 3/3
  1751 | D:2      | Reached skill level 6 in Maces & Flails
  1773 | D:3      | Reached XP level 5. HP: 12/45 MP: 4/4
  2233 | D:3      | Noticed Pargi
  2233 | D:3      | Noticed Natasha
  2235 | D:3      | Noticed Jessica
  2573 | D:4      | Found a glowing drain.
  2592 | Sewer    | Entered a sewer
  2656 | Sewer    | Reached skill level 7 in Maces & Flails
  2708 | D:4      | Noticed a black bear
  2716 | D:4      | Killed a black bear
  2717 | D:4      | Reached skill level 1 in Throwing
  2717 | D:4      | Reached XP level 6. HP: 51/51 MP: 5/5
  2780 | D:4      | Reached skill level 8 in Maces & Flails
  3431 | D:5      | Entered Level 5 of the Dungeon
  3441 | D:5      | Noticed a sky beast
  3453 | D:5      | Killed a sky beast
  3454 | D:5      | Reached XP level 7. HP: 57/57 MP: 6/6
  3462 | D:5      | Reached skill level 9 in Maces & Flails
  3762 | D:5      | Reached skill level 10 in Maces & Flails
  3824 | D:5      | Found a faded altar of an unknown god.
  4111 | D:5      | Found a staircase to the Ecumenical Temple.
  4123 | Temple   | Entered the Ecumenical Temple
  4144 | Temple   | Became a worshipper of Warmaster Okawaru
  4284 | D:6      | Reached XP level 8. HP: 61/64 MP: 7/7
  4462 | D:6      | Found Xomeyg's One-of-a-Kind Rings.
  4543 | D:6      | Reached skill level 11 in Maces & Flails
  4574 | D:6      | Reached * piety under Okawaru
  4578 | D:6      | Reached skill level 12 in Maces & Flails
  5278 | D:6      | Reached skill level 13 in Maces & Flails
  5904 | D:7      | Found a bloodstained altar of Trog.
  6196 | D:7      | Reached XP level 9. HP: 68/70 MP: 8/8
  6244 | D:7      | Reached ** piety under Okawaru
  6892 | D:8      | Reached skill level 14 in Maces & Flails
  7249 | D:8      | Found a burning altar of Makhleb.
  7800 | D:8      | Noticed a white ugly thing
  8608 | D:8      | Reached skill level 15 in Maces & Flails
  8737 | D:9      | Found an ornate altar of the Wu Jian Council.
  8802 | D:9      | Identified the +3 mace "No More Talking" {elec, rPois rN+
                  | Will+ Str-4}
  9108 | D:8      | Reached skill level 16 in Maces & Flails
  9111 | D:8      | Slain by a yak

Illustrated notes

Levels and vault maps discovered:
D:1:      matt_arrival_spirals, layout_rooms
D:2:      layout_loops_ring
D:3:      layout_basic, uniq_pargi, uniq_jessica, uniq_natasha
D:4:      layout_basic, portal_sewer_entry_a, minivault_24
D:5:      layout_cave_pools, minmay_temple_entry_proselytizer,
          serial_column_ruins, column_ruins_hut, column_ruins_temple_hut,
          column_ruins_columns_straight, column_ruins_open_small_water,
          column_ruins_open_small, column_ruins_open_small,
          column_ruins_corridor_water, column_ruins_corridor_corner
D:6:      layout_layer_cave, nicolae_shop_unique_rings
D:7:      layout_loops_corners, trog_hazing_becter
D:8:      layout_gridville, mainiacjoe_overflow_paths, kennysheep_little_box
D:9:      layout_cave_pools, nicolae_wu_jian_wuxing_cycle,
          grunt_lair_entry_orc_guard_hut
Temple:   compressed_dpeg_circular_temple

Skill      XL: |  1  2  3  4  5  6  7  8  9 |
---------------+----------------------------+-----
Maces & Flails | 3 4 5 6 7 8 10 13 16 | 16.0
Throwing       | 1 2 |  2.8
Fighting       | |  3.6
Armour         | |  3.6
Dodging        | |  0.1
Stealth        | |  0.2
Shields        | |  3.6
Unarmed Combat | |  0.9

Action                   |  1- 3 |  4- 6 |  7- 9 || total
-------------------------+-------+-------+-------++-------
Melee: Flail             |    78 |   115 |   267 ||   460
       Headbutt          |     9 |    14 |    40 ||    63
       Mace              |       |       |    15 ||    15
       Unarmed           |       |       |    12 ||    12
Throw: Boomerang         |       |    14 |    31 ||    45
  Use: Scroll            |     4 |     6 |     6 ||    16
       Potion            |       |     1 |     7 ||     8
Armor: Scale mail        |    36 |    41 |    79 ||   156
       Plate armour      |       |       |    50 ||    50
       Skin              |       |       |     1 ||     1
Dodge: Dodged            |    28 |    33 |   117 ||   178
Block: Buckler           |    26 |    63 |   152 ||   241
       Reflection        |       |       |    17 ||    17

Table legend: (Time is in decaauts)
 A = Elapsed time spent in this place.
 B = Non-inter-level travel time spent in this place.
 C = Inter-level travel time spent in this place.
 D = Time resting spent in this place.
 E = Time spent auto-exploring this place.
 F = Levels seen in this place.
 G = Mean time per level.
                   A        B        C        D        E       F      G
               +--------+--------+--------+--------+--------+-----+--------+
         Total |   9135 |   9020 |    115 |   2151 |   4440 |  11 |  830.5 |
       Dungeon |   8988 |   8873 |    115 |   2151 |   4440 |   9 |  998.7 |
        Temple |     36 |     36 |      0 |      0 |      0 |   1 |   36.0 |
         Sewer |    109 |    109 |      0 |      0 |      0 |   1 |  109.0 |
               +--------+--------+--------+--------+--------+-----+--------+

Top non-repeatable levels by time:
     D:6: 1599 daAuts
     D:8: 1339 daAuts
     D:7: 1316 daAuts
     D:2: 1067 daAuts
     D:4: 888 daAuts
     D:5: 774 daAuts
     D:3: 764 daAuts
     D:1: 678 daAuts
     D:9: 559 daAuts
   Sewer: 109 daAuts
  Temple: 36 daAuts
